 Dungeon Crawl Stone Soup version 0.22-a0-247-gbddf880 (webtiles) character file.

154648 sankara the Black Belt (level 17, -2/153 (154) HPs)
             Began as a Grey Draconian Transmuter on Feb 23, 2018.
             Was a High Priest of Okawaru.
             Shot with an arrow by Vashnia (28 damage)
             ... on level 2 of the Snake Pit.
             The game lasted 03:28:29 (35971 turns).

sankara the Black Belt (Grey Draconian Transmuter) Turns: 35971, Time: 03:28:30

HP:   -2/153 (154)  AC: 21    Str: 18    XL:     17   Next: 7%
MP:   26/26         EV: 35    Int: 18    God:    Okawaru [*****.]
Gold: 1367          SH:  0    Dex: 14    Spells: 7/28 levels left

rFire    + . .     SeeInvis +     - Unarmed
rCold    . . .     Gourm    .   (shield currently unavailable)
rNeg     . . .     Faith    .   (armour unavailable)
rPois    +         Spirit   .   e - +2 hat {SInv}
rElec    +         Reflect  .   Y - +1 cloak {+Inv}
rCorr    .         Harm     .   (gloves currently unavailable)
MR       +....     Rnd*Rage +   T - +2 pair of boots {run}
Stlth    +.........             F - amulet of the acrobat
HPRegen  0.75/turn              B - ring of protection from fire {rF+, !d}
MPRegen  0.20/turn              G - ring "Piahun" {rElec rPois Str+3 Stlth-}

@: confused, lethally poisoned (-2 -> -3), blade hands (expiring), finesse,
quick
A: walk through water, unfitting armour, berserk 1, regeneration 1, strong 1,
unbreathing, cold-blooded, AC +14
a: End Transformation, Heroism, Finesse, Renounce Religion, Evoke Invisibility


You were on level 2 of the Snake Pit.
You worshipped Okawaru.
Okawaru was extremely pleased with you.
You were not hungry.
You had blades for hands.
You visited 6 branches of the dungeon, and saw 27 of its levels.
You also visited: Labyrinth, Bailey and Ice Cave.

You collected 2417 gold pieces.
You spent 1050 gold pieces at shops.

Inventory:

Hand Weapons
 b - a +1 hunting sling of velocity
   (Okawaru gifted it to you on level 6 of the Lair of Beasts)
 c - a +2 blowgun
   (You found it on level 11 of the Dungeon)
 j - the +5 dagger "Nifur" {antimagic, rF+++ MR+++ Int-4 Dex-2}
   (You found it on level 5 of the Dungeon)

   It reduces the magical energy of the wielder, and disrupts the spells and
   magical abilities of those hit.
   Natural abilities and divine invocations are not affected.
   It affects your intelligence (-4).
   It affects your dexterity (-2).
   It renders you almost immune to fire.
   It affects your resistance to hostile enchantments.
Missiles
 q - 5 javelins of returning
 x - 173 sling bullets
 z - 376 arrows
 I - 4 curare-tipped needles
 K - 2 throwing nets {=f, !d}
 M - 19 javelins (quivered)
Armour
 e - a +2 hat of see invisible (worn)
   (You found it on level 1 of the Dungeon)
 g - a +1 pair of gloves (melded)
   (You took it off Nikola on level 2 of the Snake Pit)
 S - a +0 buckler (melded)
   (You found it on level 2 of the Lair of Beasts)
 T - a +2 pair of boots of running (worn)
   (Okawaru gifted it to you on level 6 of the Lair of Beasts)
 Y - a +1 cloak of invisibility (worn)
   (You took it off Maurice on level 11 of the Dungeon)
Jewellery
 l - a +3 ring of protection
   (You found it on level 4 of the Lair of Beasts)
 n - an uncursed ring of wizardry {Wiz+, !d}
   (You found it on level 2 of the Dungeon)
 r - an uncursed ring of see invisible {sInv, !d}
   (You found it on level 3 of the Dungeon)
 B - a ring of protection from fire (left scythe-like blade) {rF+, !d}
   (You found it in a labyrinth)
 F - an amulet of the acrobat (around neck)
   (You found it on level 8 of the Dungeon)
 G - the ring "Piahun" (right scythe-like blade) {rElec rPois Str+3 Stlth-}
   (You acquired it on level 1 of the Shoals)

   [ring of strength]

   It affects your strength (+3).
   It insulates you from electricity.
   It protects you from poison.
   It makes you less stealthy.
 Q - an uncursed ring of positive energy {rN+}
   (You found it on level 2 of the Lair of Beasts)
Wands
 d - a wand of digging (10)
   (You found it on level 6 of the Lair of Beasts)
 u - a wand of paralysis (12)
   (You found it on level 8 of the Dungeon)
 R - a wand of flame (69)
   (You found it on level 11 of the Dungeon)
 V - a wand of iceblast (7)
   (You found it on level 12 of the Dungeon)
 W - a wand of enslavement (19)
   (You found it in a labyrinth)
 Z - a wand of acid (9)
   (You found it on level 14 of the Dungeon)
Scrolls
 h - a scroll of fear
 i - 5 scrolls of identify
 o - a scroll of fog
 y - 13 scrolls of teleportation
 C - 6 scrolls of amnesia
 J - 11 scrolls of remove curse
 N - 2 scrolls of magic mapping {!r}
 P - a scroll of enchant weapon
 X - 2 scrolls of blinking {!r}
Potions
 a - 4 potions of cancellation
 k - 6 potions of flight
 m - 2 potions of invisibility
 p - 4 potions of haste
 t - 2 potions of berserk rage {!q}
 v - 2 potions of agility
 w - 3 potions of mutation {!q}
 D - 4 potions of curing
 L - 4 potions of brilliance
 O - 3 potions of heal wounds
 U - 3 potions of lignification {!q}
Miscellaneous
 s - a sack of spiders
 A - a fan of gales
   (You found it in a labyrinth)
Comestibles
 f - 42 rations


   Skills:
 + Level 14.8 Fighting
 - Level 3.0 Throwing
 + Level 12.8 Dodging
 - Level 8.0 Stealth
 - Level 4.0 Shields
 - Level 15.0 Unarmed Combat
 - Level 6.0 Spellcasting
 - Level 13.0 Transmutations
 - Level 4.0 Ice Magic
 - Level 9.0 Invocations
 - Level 3.0 Evocations


You had 7 spell levels left.
You knew the following spells:

 Your Spells              Type           Power        Failure   Level  Hunger
a - Beastly Appendage     Tmut           ######       6%          1    None
b - Sticks to Snakes      Tmut           ######..     7%          2    None
c - Spider Form           Tmut/Pois      ####......   24%         3    ##.....
d - Blade Hands           Tmut           ######....   19%         5    #####..
e - Ice Form              Ice/Tmut       #####...     28%         4    ####...
f - Hydra Form            Tmut           ######....   43%         6    #######


Dungeon Overview and Level Annotations

Branches:
Dungeon (15/15)            Temple (1/1) D:6            Lair (6/6) D:10
 Shoals (1/4) Lair:3        Snake (2/4) Lair:3        Slime (0/5) Lair:5
    Orc (2/2) D:10            Elf (0/3) Orc:2        Vaults (0/5) D:14
 Depths (0/5) D:15

Altars:
Ashenzari
Cheibriados
Dithmenos
Elyvilon
Fedhas
Gozag
Hepliaklqana
Kikubaaqudgha
Makhleb
Nemelex Xobeh
Okawaru
Qazlal
Ru
Sif Muna
Trog
Uskayaw
Vehumet
Wu Jian
Xom
Yredelemnul
Zin
The Shining One
Beogh
Jiyva

Shops:
D:10 *   Orc:2 :[?!(

Portals:
Pandemonium: Orc:2

Annotations:
D:11 exclusion: electric eel
Snake:2 Jorgrun, Vashnia


Innate Abilities, Weirdness & Mutations

You can walk through water.
Your dull iron-grey scales are very hard. (AC +14)
You cannot fit into any form of body armour.
You can survive without breathing.
You are cold-blooded and may be slowed by cold attacks.
You tend to lose your temper in combat.
Your natural rate of healing is unusually fast.
Your muscles are strong. (Str +2)


Message History

Vashnia blinks!
You barely miss the naga sharpshooter.
The naga sharpshooter is almost dead.
The naga mage misses you.
You shred the naga sharpshooter!!!
You kill the naga sharpshooter!
Okawaru accepts your kill.
You slice the naga sharpshooter!!
The naga sharpshooter is moderately wounded.
The naga mage barely misses you.
You hit the naga sharpshooter.
The naga sharpshooter is moderately wounded.
You shred the naga sharpshooter!!!
You kill the naga sharpshooter!
Okawaru accepts your kill. The naga mage spits poison at you.
The splash of poison hits you! You resist. The naga mage hits you with a spear.
The naga mage completely misses you.
Vashnia gestures wildly while chanting.
The naga warrior blinks!
The naga mage blinks!
Items here: ( )) [ an uncursed arbalest; an uncursed war axe; 14 bolts; a robe
Items here: ( ))) [ † an uncursed arbalest; an uncursed flail; 14 bolts; a robe; a halberd a naga corpse You start resting.
You see here an arrow.
A naga warrior is nearby!
The naga warrior spits poison at you. The splash of poison misses you.
A naga comes into view. It is wielding a short sword.
Items here: ( ))) [ † an uncursed arbalest; an uncursed flail; 14 bolts; a robe; a halberd a naga corpse You feel like a meek peon again.
The naga mage completely misses you.
Vashnia unwields an uncursed dire flail of protection.
Vashnia wields an uncursed longbow.
Vashnia shoots an arrow.
The arrow closely misses you.
The arrow hits the naga warrior!!
The naga spits poison at you. The splash of poison misses you.
Items here: ( )) [ an uncursed arbalest; an uncursed war axe; 14 bolts; a robe You hit the naga warrior.
Your tail-slap misses the naga warrior.
The naga warrior is moderately wounded.
The naga mage hits you from afar with a spear.
The naga warrior hits you with a dire flail.
The naga warrior grabs you. The naga warrior constricts you.
You slice the naga warrior!!
The naga warrior is heavily wounded.
You hit the naga warrior but do no damage.
You tail-slap the naga warrior! You slash the naga warrior.
The naga warrior is severely wounded.
The naga mage hits you from afar with a spear.
You slice the naga warrior!!
Your tail-slap misses the naga warrior.
The naga warrior is almost dead.
You slice the naga warrior!!
You kill the naga warrior!
Okawaru accepts your kill. The naga mage completely misses you.
Vashnia spits poison at you. The splash of poison misses you.
The naga mage hits you but does no damage.
Vashnia shoots an arrow.
The arrow hits you!!
You see here an arrow.
You hit Vashnia but do no damage.
Your tail-slap misses Vashnia.
The naga mage hits you from afar with a spear!
* * * LOW HITPOINT WARNING * * *
You completely miss Vashnia. You barely miss Vashnia.
The naga mage points at you and mumbles some strange words.
The bolt of poison hits you!
You are poisoned.
You resist.
* * * LOW HITPOINT WARNING * * *
Vashnia shoots an arrow.
The arrow hits you!
* * * LOW HITPOINT WARNING * * *
You are confused.
You feel invigorated.
You feel sick.
The naga mage hits you but does no damage.
Your transformation is almost over.
You feel sick.
Vashnia mumbles some strange words.
Vashnia magically shoots an arrow.
The arrow hits you!!
* * * LOW HITPOINT WARNING * * *
You see here 2 arrows.
You feel sick. The naga mage spits poison at you.
The splash of poison misses you. Vashnia spits poison at you.
The splash of poison misses you. The naga mage completely misses you.
You feel sick. The naga mage closely misses you.
Vashnia shoots an arrow.
The arrow completely misses you.
You feel sick. The naga mage closely misses you. The naga spits poison at you.
The splash of poison hits you! You resist.
* * * LOW HITPOINT WARNING * * *
Vashnia gestures wildly while chanting.
Vashnia magically shoots an arrow.
The arrow hits you!!
You die...

#### ### #####
#...###.###)((#
........#(.)###
........#.((#
.......@#)(.#
......N()).(#
.......N#)N...#
........###..##
........# #..#
........# ##...
........# ##..
......### .#.
.#.### #


You could see Vashnia, a naga mage and a naga.

Vanquished Creatures
  Nikola (Snake:2)
  Rupert (Lair:6)
  2 acid blobs
  2 azure jellies (Lair:6)
  A frost giant (D:14)
  An orc warlord (Orc:2)
  Nessos (Lair:6)
  A minotaur (Lab)
  A fire dragon (D:15)
  5 death oozes (Lair:6)
  Erolcha (D:11)
  2 yaktaur captains (D:14)
  An ice dragon (D:15)
  2 great orbs of eyes (Lair:6)
  Fannar (D:11)
  2 naga warriors (Snake:2)
  7 hydras
  A vault guard (D:14)
  A deep elf high priest (D:14)
  A catoblepas (Lair:6)
  3 anacondas
  3 centaur warriors (D:14)
  2 two-headed ogres
  2 satyrs (Shoals:1)
  Erica (D:8)
  A tengu warrior (D:15)
  A deep troll shaman (Lair:6)
  3 death yaks (Lair:6)
  7 orc high priests
  3 spriggan berserkers (D:15)
  6 naga sharpshooters (Snake:2)
  2 shock serpents
  A soul eater (Orc:2)
  A sun demon (Orc:2)
  Nergalle (Lair:4)
  The ghost of ThereIsNoGod the Thaumaturge, a journeyman SpVM of Gozag (Orc:1)
  A sea snake (Shoals:1)
  A wizard (D:14)
  6 unseen horrors
  An infernal demonspawn (Orc:2)
  A skeletal warrior (D:14)
  3 naga ritualists
  2 gelid demonspawn (Orc:2)
  6 orc knights
  3 harpies (Shoals:1)
  A lindwurm (Lair:6)
  A harpy (shapeshifter) (D:15)
  A necromancer (IceCv)
  6 orc sorcerers
  8 fauns (Shoals:1)
  4 mana vipers
  2 oklob plants (Lair:4)
  A salamander (Snake:2)
  5 manticores
  4 cyclopes
  15 ugly things
  Maurice (D:11)
  2 merfolk sirens
  6 elephants
  2 naga magi (Snake:2)
  5 centaur zombies
  4 ice statues (IceCv)
  16 black mambas
  2 centaur skeletons
  A smoke demon (Orc:2)
  3 torpor snails
  A water nymph (Shoals:1)
  5 gargoyles
  12 spiny frogs
  4 komodo dragons
  2 rime drakes
  An efreet (D:14)
  3 red devils (Orc:2)
  11 ice devils (IceCv)
  4 meliai
  A meliai (shapeshifter) (D:14)
  8 trolls
  3 merfolk (Shoals:1)
  A tengu conjurer (D:15)
  A hornet (D:14)
  7 polar bears
  The ghost of sankara the Changer, an amateur DrTm of Gozag (D:4)
  28 blink frogs
  6 hippogriffs
  2 snapping turtles (Shoals:1)
  4 dream sheep (Lair:4)
  A ynoxinul (Orc:2)
  2 vampires
  A wraith (D:13)
  A shadow (D:14)
  5 wyverns
  51 yaks
  8 basilisks
  2 water elementals
  A neqoxec (Orc:2)
  A steam dragon (D:10)
  11 vampire mosquitoes
  A hungry ghost (D:11)
  Edmund (D:6)
  4 wargs
  2 acid dragons
  11 nagas
  8 water moccasins
  10 porcupines
  7 ice beasts
  43 orc warriors
  5 sky beasts
  An eye of draining (shapeshifter) (D:14)
  2 eyes of draining
  4 black bears
  14 ogres
  A phantom (D:7)
  12 wolves
  11 centaurs
  8 crocodiles
  3 big kobolds
  25 bullfrogs
  A wyvern zombie (D:8)
  An earth elemental (Lab)
  A water moccasin zombie (D:8)
  3 wyvern skeletons
  2 scorpions (D:4)
  A hornet simulacrum (D:11)
  5 killer bees (D:7)
  12 howler monkeys
  An electric eel (D:11)
  12 crimson imps
  2 draconian simulacra (IceCv)
  A quasit (D:6)
  4 bullfrog skeletons
  A bullfrog zombie (D:12)
  A hound (D:6)
  6 jellies
  28 orc priests
  4 gnoll shamans (D:8)
  6 iguanas
  Ijyb (D:4)
  Natasha (thrice) (D:3)
  2 spriggan simulacra (IceCv)
  11 worker ants
  29 orc wizards
  2 troll simulacra (IceCv)
  A centaur simulacrum (IceCv)
  2 hound skeletons
  A worker ant zombie (D:8)
  12 gnolls
  A howler monkey skeleton (D:4)
  11 adders
  3 naga simulacra (IceCv)
  6 shadow imps
  A worker ant simulacrum (D:11)
  An ufetubus (D:11)
  11 oozes
  2 adder skeletons
  An adder zombie (D:5)
  A dart slug (D:4)
  7 leopard geckos
  104 orcs
  10 giant cockroaches
  6 goblins
  7 hobgoblins
  22 jackals
  2 quokkas
  8 bats
  5 frilled lizards
  A giant cockroach zombie (D:5)
  A jackal skeleton (D:7)
  14 kobolds
  A leopard gecko zombie (D:6)
  2 quokka skeletons
  12 rats
  5 fungi
  A plant (Lair:4)
951 creatures vanquished.

Vanquished Creatures (collateral kills)
  Gastronok (D:8)
  3 orc priests (Orc:1)
  An adder (D:2)
  5 orcs (Orc:1)
  A ball python (D:4)
  A fungus (Lair:5)
  A plant (Lair:5)
13 creatures vanquished.

Vanquished Creatures (others)
  An orc wizard (D:11)
  6 fungi
  8 plants
15 creatures vanquished.

Grand Total: 979 creatures vanquished

Notes
Turn   | Place    | Note
-------+----------+-------------------------------------------
     0 | D:1      | sankara the Draconian Transmuter began the quest for the Orb.
     0 | D:1      | Reached XP level 1. HP: 16/16 MP: 3/3
   268 | D:1      | Reached XP level 2. HP: 19/23 MP: 3/5
  1545 | D:2      | Reached skill level 3 in Transmutations
  1545 | D:2      | Reached XP level 3. HP: 17/28 MP: 4/6
  1559 | D:2      | Learned a level 2 spell: Sticks to Snakes
  1563 | D:2      | Learned a level 3 spell: Spider Form
  2411 | D:3      | Reached skill level 1 in Stealth
  2526 | D:3      | Noticed Natasha
  2545 | D:3      | HP: 3/28 [Natasha/magic dart (9)]
  2546 | D:3      | Gained mutation: Your muscles are strong. (Str +2) [potion of mutation]
  2546 | D:3      | Gained mutation: You tend to lose your temper in combat. [potion of mutation]
  2546 | D:3      | Gained mutation: Your natural rate of healing is unusually fast. [potion of mutation]
  2617 | D:3      | Killed Natasha
  2617 | D:3      | Reached XP level 4. HP: 35/35 MP: 3/7
  2858 | D:3      | Noticed Natasha
  2866 | D:3      | Killed Natasha
  2866 | D:3      | Reached skill level 4 in Transmutations
  3135 | D:3      | Reached skill level 4 in Unarmed Combat
  3146 | D:3      | Noticed Natasha
  3154 | D:3      | Killed Natasha
  3154 | D:3      | Reached XP level 5. HP: 35/40 MP: 2/8
  3625 | D:4      | Found a white marble altar of Elyvilon.
  3662 | D:4      | Reached skill level 2 in Dodging
  3666 | D:4      | Reached XP level 6. HP: 44/48 MP: 1/9
  3670 | D:4      | Reached skill level 2 in Fighting
  3670 | D:4      | Reached skill level 5 in Transmutations
  3966 | D:4      | Found an ornate altar of the Wu Jian Council.
  4073 | D:4      | Noticed Ijyb
  4081 | D:4      | Killed Ijyb
  4316 | D:4      | Noticed sankara's ghost (amateur DrTm)
  4368 | D:4      | Killed sankara's ghost
  4368 | D:4      | Reached skill level 5 in Unarmed Combat
  4368 | D:4      | Reached skill level 6 in Transmutations
  4368 | D:4      | Your scales start taking on a dull iron-grey colour.
  4368 | D:4      | Reached XP level 7. HP: 47/55 MP: 3/10
  4368 | D:4      | Gained mutation: You can survive without breathing. [Grey Draconian growth]
  4513 | D:4      | Found an ancient bone altar of Kikubaaqudgha.
  4586 | D:5      | Entered Level 5 of the Dungeon
  4778 | D:5      | Got a smoking dagger
  4785 | D:5      | Identified the +5 dagger "Nifur" {antimagic, rF+++ MR+++ Int-4 Dex-2} (You found it on level 5 of the Dungeon)
  4817 | D:5      | Found a shadowy altar of Dithmenos.
  4860 | D:5      | Reached skill level 7 in Transmutations
  5074 | D:5      | Reached skill level 6 in Unarmed Combat
  5074 | D:5      | Reached XP level 8. HP: 39/61 MP: 5/11
  5749 | D:6      | Reached skill level 8 in Transmutations
  5755 | D:6      | Noticed Edmund
  5771 | D:5      | Learned a level 5 spell: Blade Hands
  5777 | D:6      | Killed Edmund
  5789 | D:6      | Found a staircase to the Ecumenical Temple.
  5797 | Temple   | Entered the Ecumenical Temple
  6193 | D:6      | Found a shimmering altar of Xom.
  6194 | D:6      | Found a hazy altar of Hepliaklqana.
  6195 | D:6      | Noticed a spectral ugly thing
  6252 | D:7      | Found a glowing golden altar of the Shining One.
  6322 | D:7      | Noticed a hippogriff
  6333 | D:7      | Killed a hippogriff
  6338 | D:7      | HP: 12/61 [orc warrior/long sword (15)]
  6349 | D:7      | Reached skill level 9 in Transmutations
  6351 | D:7      | Reached skill level 7 in Unarmed Combat
  6514 | D:8      | Reached XP level 9. HP: 67/67 MP: 6/12
  6544 | D:9      | Found a basalt altar of Yredelemnul.
  6550 | D:9      | Noticed a two-headed ogre
  6560 | D:9      | Killed a two-headed ogre
  6560 | D:9      | Reached skill level 10 in Transmutations
  6587 | D:9      | Found a sacrificial altar of Ru.
  6588 | D:9      | Found an iron altar of Okawaru.
  6596 | D:9      | Reached skill level 8 in Unarmed Combat
  6616 | D:9      | Became a worshipper of Warmaster Okawaru
  6648 | D:7      | Found a flagged portal.
  6654 | D:7      | Got a polished spear
  6657 | Bailey   | Entered a bailey
  6658 | Bailey   | Identified the +5 spear "Ogami" {freeze, rF+} (You found it on level 7 of the Dungeon)
  7307 | Bailey   | Noticed an orc knight
  7935 | Bailey   | Killed an orc knight
  7935 | Bailey   | Reached skill level 3 in Fighting
  7935 | Bailey   | Reached skill level 3 in Dodging
  7935 | Bailey   | Reached skill level 11 in Transmutations
  7982 | Bailey   | Reached * piety under Okawaru
  8022 | Bailey   | Found the +15 Maxwell's patent armour {-Cast -Tele rElec MR+ rCorr}
  8026 | Bailey   | Got a pair of jewelled gloves
  8034 | Bailey   | Identified the +1 pair of gloves "Catemmul" {-Tele Dex+7} (You found it in a bailey)
  8128 | Bailey   | Reached XP level 10. HP: 76/78 MP: 8/13
  8327 | D:7      | Reached skill level 4 in Fighting
  8887 | D:6      | Reached skill level 2 in Stealth
  9561 | D:8      | Reached skill level 9 in Unarmed Combat
  9630 | D:8      | Noticed Gastronok
  9648 | D:8      | Reached skill level 4 in Dodging
  9690 | D:8      | Killed Gastronok
  9690 | D:8      | Reached ** piety under Okawaru
  9690 | D:8      | Reached skill level 5 in Fighting
  9690 | D:8      | Reached skill level 3 in Stealth
 10229 | D:8      | Reached skill level 4 in Stealth
 10231 | D:8      | Reached skill level 5 in Dodging
 10312 | D:8      | Reached skill level 6 in Fighting
 10439 | D:8      | Reached *** piety under Okawaru
 10716 | D:8      | Noticed Erica
 10727 | D:8      | Killed Erica
 10727 | D:8      | Reached skill level 3 in Spellcasting
 10727 | D:8      | Reached XP level 11. HP: 91/91 MP: 8/15
 10865 | D:9      | Learned a level 4 spell: Ice Form
 11466 | D:10     | Entered Level 10 of the Dungeon
 11466 | D:10     | Noticed an unseen horror
 11470 | D:10     | Killed an unseen horror
 11470 | D:10     | Reached skill level 10 in Unarmed Combat
 11470 | D:10     | Reached skill level 1 in Ice Magic
 11472 | D:10     | Reached **** piety under Okawaru
 11712 | D:10     | Reached skill level 2 in Ice Magic
 11712 | D:10     | Reached skill level 1 in Invocations
 11730 | D:10     | Found Nuohy's Assorted Antiques.
 11744 | D:10     | Reached skill level 7 in Fighting
 11879 | D:10     | Reached skill level 6 in Dodging
 12122 | D:10     | Reached skill level 4 in Spellcasting
 12206 | D:10     | Found a staircase to the Orcish Mines.
 12253 | D:10     | Found a staircase to the Lair.
 12265 | D:10     | Reached ***** piety under Okawaru
 12265 | D:10     | Reached skill level 2 in Invocations
 12432 | D:11     | Noticed Fannar
 12444 | D:11     | Killed Fannar
 12444 | D:11     | Reached skill level 3 in Ice Magic
 12469 | D:11     | Noticed Maurice
 12600 | D:11     | Reached skill level 3 in Invocations
 12629 | D:11     | Noticed a five-headed hydra
 12646 | D:11     | Noticed Erolcha
 12748 | D:11     | Found a frozen archway.
 12766 | IceCv    | Entered an ice cave
 12934 | IceCv    | Reached skill level 8 in Fighting
 13107 | IceCv    | Reached skill level 4 in Invocations
 13126 | IceCv    | Reached XP level 12. HP: 101/101 MP: 8/18
 13332 | IceCv    | Reached skill level 7 in Dodging
 13557 | IceCv    | Reached skill level 11 in Unarmed Combat
 13557 | IceCv    | Reached skill level 5 in Invocations
 13834 | D:11     | Killed Maurice
 14085 | D:11     | Received a gift from Okawaru
 14086 | D:11     | Got a dazzling cloak {god gift}
 14093 | D:11     | Identified the +0 cloak "Qunureraqe" {+Blink} (Okawaru gifted it to you on level 11 of the Dungeon)
 14170 | D:11     | Reached skill level 9 in Fighting
 14170 | D:11     | Reached skill level 1 in Evocations
 14461 | D:11     | Killed Erolcha
 14461 | D:11     | Reached skill level 6 in Invocations
 14461 | D:11     | Reached skill level 2 in Evocations
 14523 | D:11     | Reached ****** piety under Okawaru
 14870 | Lair:1   | Entered Level 1 of the Lair of Beasts
 14883 | Lair:1   | Found a labyrinth entrance.
 14889 | Lair:1   | Reached skill level 8 in Dodging
 14905 | Lab      | Entered a labyrinth
 14957 | Lab      | Found an exit through the horrors of the Abyss.
 15220 | Lab      | Reached skill level 3 in Evocations
 15482 | Lab      | Noticed a minotaur
 15501 | Lab      | Killed a minotaur
 15782 | Lair:1   | Reached XP level 13. HP: 113/113 MP: 19/19
 16173 | Lair:1   | Reached skill level 7 in Invocations
 16178 | Lair:1   | Found a snail-covered altar of Cheibriados.
 16480 | Lair:2   | Reached skill level 1 in Throwing
 16542 | Lair:2   | Reached skill level 10 in Fighting
 17385 | Lair:3   | Reached skill level 2 in Throwing
 17431 | Lair:3   | Received a gift from Okawaru
 17803 | Lair:3   | Reached skill level 1 in Shields
 17972 | Lair:3   | Found a staircase to the Snake Pit.
 18020 | Lair:3   | Reached skill level 5 in Stealth
 18020 | Lair:3   | Reached skill level 12 in Unarmed Combat
 18385 | Lair:3   | Found a staircase to the Shoals.
 18844 | Lair:4   | Reached skill level 2 in Shields
 19190 | Lair:4   | Reached skill level 3 in Throwing
 19190 | Lair:4   | Reached skill level 8 in Invocations
 19193 | Lair:4   | Reached skill level 9 in Dodging
 19357 | Lair:4   | Noticed Nergalle
 19379 | Lair:4   | Killed Nergalle
 19696 | Lair:5   | Reached skill level 3 in Shields
 20067 | Lair:5   | Reached skill level 6 in Stealth
 20214 | Lair:5   | HP: 34/138 [basilisk (8)]
 20218 | Lair:5   | Received a gift from Okawaru
 20224 | Lair:5   | Reached XP level 14. HP: 43/122 MP: 18/20
 20226 | Lair:5   | HP: 32/219 [blink frog (12)]
 20511 | Lair:5   | Reached skill level 11 in Fighting
 20610 | Lair:5   | Reached skill level 4 in Shields
 20620 | Lair:5   | Found a staircase to the Slime Pits.
 20622 | Lair:5   | Found a viscous altar of Jiyva.
 20912 | Lair:6   | Entered Level 6 of the Lair of Beasts
 21509 | Lair:6   | Noticed Rupert
 21515 | Lair:6   | Paralysed by Rupert for 3 turns
 21532 | Lair:6   | Killed Rupert
 21686 | Lair:6   | Noticed Nessos
 21699 | Lair:6   | Killed Nessos
 21699 | Lair:6   | Reached skill level 10 in Dodging
 21932 | Lair:6   | Noticed an azure jelly
 21932 | Lair:6   | Noticed an acid blob
 21953 | Lair:6   | Received a gift from Okawaru
 21953 | Lair:6   | Reached skill level 13 in Unarmed Combat
 22278 | Lair:6   | Received a gift from Okawaru
 22322 | Lair:6   | Received a gift from Okawaru
 22322 | Lair:6   | Reached skill level 12 in Fighting
 22345 | Lair:6   | Identified a +2 pair of boots of running (Okawaru gifted it to you on level 6 of the Lair of Beasts)
 23343 | Lair:6   | Killed an acid blob
 23685 | Lair:6   | Killed an azure jelly
 23966 | Lair:6   | Noticed an acid blob
 23966 | Lair:6   | Noticed an azure jelly
 24126 | Lair:5   | Killed an acid blob
 24228 | Lair:6   | Killed an azure jelly
 24317 | Lair:6   | Received a gift from Okawaru
 24501 | Lair:6   | Reached skill level 11 in Dodging
 24501 | Lair:6   | Reached XP level 15. HP: 69/133 MP: 2/21
 26021 | D:12     | You fall through a shaft!
 26209 | Orc:1    | Entered Level 1 of the Orcish Mines
 26390 | Orc:1    | Found a roughly hewn altar of Beogh.
 26439 | Orc:1    | Noticed ThereIsNoGod's ghost (journeyman SpVM)
 26447 | Orc:1    | Killed ThereIsNoGod's ghost
 26547 | Orc:2    | Entered Level 2 of the Orcish Mines
 26572 | Orc:2    | Found Ymiphi's Weapon Boutique.
 26728 | Orc:2    | Noticed an orc warlord
 26973 | Orc:2    | Found a staircase to the Elven Halls.
 27004 | Orc:2    | Reached skill level 13 in Fighting
 27151 | Orc:2    | Killed an orc warlord
 27387 | Orc:1    | Reached skill level 14 in Unarmed Combat
 27561 | Orc:2    | Found Ahim's Magic Scroll Shoppe.
 27842 | Orc:2    | Found Genach's Distillery.
 28180 | Orc:2    | Received a gift from Okawaru
 28305 | Orc:2    | Reached skill level 5 in Spellcasting
 28547 | Orc:2    | Reached skill level 7 in Stealth
 28792 | Orc:2    | Found Ibusioqi's Antique Armour Boutique.
 28792 | Orc:2    | Found Josouvys's Book Shop.
 28793 | Orc:2    | Found a one-way gate leading to the halls of Pandemonium.
 29613 | D:13     | Found a radiant altar of Vehumet.
 29689 | D:13     | Received a gift from Okawaru
 30439 | D:14     | Found a gate to the Vaults.
 30626 | D:14     | Reached skill level 12 in Transmutations
 30708 | D:14     | Found a blossoming altar of Fedhas.
 30860 | D:14     | Reached XP level 16. HP: 115/144 MP: 18/23
 31375 | D:15     | Entered Level 15 of the Dungeon
 31580 | D:15     | Found the +8 Wrath of Trog {antimagic, *Rage}
 31631 | D:15     | Reached skill level 12 in Dodging
 31645 | D:15     | Reached skill level 4 in Ice Magic
 31798 | D:15     | Reached skill level 14 in Fighting
 31879 | D:15     | Found a staircase to the Depths.
 32047 | D:15     | Found a shadowy altar of Dithmenos.
 32398 | D:15     | Received a gift from Okawaru
 32947 | Orc:2    | Bought a Fen Folio for 1050 gold pieces
 32954 | Orc:2    | Learned a level 6 spell: Hydra Form
 33138 | Snake:1  | Entered Level 1 of the Snake Pit
 33839 | Snake:1  | Reached skill level 6 in Spellcasting
 34092 | Shoals:1 | Entered Level 1 of the Shoals
 34099 | Shoals:1 | Reached skill level 8 in Stealth
 34233 | Shoals:1 | Identified a scroll of acquirement
 34236 | Shoals:1 | Got a transparent tin ring
 34237 | Shoals:1 | Identified the ring "Piahun" {rElec rPois Str+3 Stlth-} (You acquired it on level 1 of the Shoals)
 34870 | Shoals:1 | Reached skill level 15 in Unarmed Combat
 35286 | Shoals:1 | Reached skill level 9 in Invocations
 35512 | Snake:2  | Noticed Nikola
 35521 | Snake:2  | Killed Nikola
 35521 | Snake:2  | Received a gift from Okawaru
 35603 | Snake:2  | Received a gift from Okawaru
 35604 | Snake:2  | Identified the +1 triple crossbow of the Scorpion {venom, *Slow +Fly rN+ MR++} (Okawaru gifted it to you on level 2 of the Snake Pit)
 35759 | Snake:2  | Reached skill level 13 in Transmutations
 35762 | Snake:2  | Noticed Jorgrun
 35778 | Snake:2  | Reached XP level 17. HP: 115/153 MP: 1/26
 35906 | Snake:2  | Noticed Vashnia
 35966 | Snake:2  | HP: 32/153 [Vashnia/arrow (7)]
 35971 | Snake:2  | HP: 29/153 [poisoned by a naga mage (bolt of poison)]
 35971 | Snake:2  | Shot with an arrow by Vashnia

Vault maps used:
D:1:      nzn_arrival_water_spiral, hangedman_decor_lopped
D:2:      minmay_pentomino_o2
D:3:      uniq_natasha
D:4:      lemuel_coloured_pillars_altar, lemuel_crystal_altar,
          kennysheep_little_box, uniq_ijyb
D:5:      nicolae_dithmenos_shadow_blocks, first_ration, st_stairs_4
D:6:      regret_index_temple_of_mockery, minmay_temple_entry_junction_2,
          uniq_edmund
D:7:      nicolae_overflow_crystal_walls, enter_bailey_2
D:8:      kennysheep_seaside_town, uniq_erica, uniq_gastronok
D:9:      grunt_temple_overflow_open, grunt_ogre_cave
D:10:     lair_entry_dummy, orc_0_dummy, serial_shops, shop
D:11:     serial_ice, serial_ice_c, serial_ice_e, serial_ice_j, serial_ice_f,
          portal_ice_cave_entry_pillars_1, uniq_fannar, uniq_erolcha,
          uniq_maurice
D:12:     kennysheep_small_circle
D:13:     basic_altar
D:14:     minmay_sliced_demisemicircle, david_vaults_5, fedhas_altar_1
D:15:     grunt_enter_depths_hoard, lemuel_statue_altar,
          minmay_guarded_unrand_wrath_of_trog
Temple:   minmay_temple_forest_path
Lair:1:   lab_entry_generic, kennysheep_snail_temple
Lair:3:   minmay_shoals_entry_lonely_mermaid, guppyfry_snake_entry_garden,
          infiniplex_staircase_pool
Lair:4:   minivault_26, minmay_stone_trees_small, beast_lair_carwin_11,
          minmay_lair_oklob_chamber, uniq_nergalle
Lair:5:   cheibrodos_lair_river_kwai, slime_altar_1
Lair:6:   grunt_lair_end_beastmaster, special_room, grunt_megastairs_3,
          uniq_rupert, uniq_nessos
Shoals:1: cheibrodos_shoals_satyrical_garden
Snake:2:  uniq_vashnia, uniq_nikola, uniq_jorgrun
Orc:1:    basic_altar, nicolae_orc_tapped_out
Orc:2:    pf_orc_diabolical, serial_shops, shop
Lab:      labyrinth_mini_lab, nicolae_lab_garden, labyrinth_fake_exit,
          nicolae_lab_do_over, nicolae_lab_diamond
Bailey:   bailey_polearm_1, bailey
IceCv:    ice_cave_tombish

Skill      XL: |  1  2  3  4  5  6  7  8  9 10 11 12 13 14 15 16 |
---------------+-------------------------------------------------+-----
Transmutations | 3 4 6 7 9 11 12 13 | 13.0
Stealth        | 1 4 6 7 8 |  8.0
Unarmed Combat | 4 5 6 7 8 9 10 11 12 13 14 15 | 15.0
Dodging        | 2 3 5 6 8 9 11 12 | 12.8
Fighting       | 2 3 6 8 9 10 12 13 14 | 14.8
Spellcasting   | 3 4 5 6 |  6.0
Ice Magic      | 3 4 |  4.0
Invocations    | 4 6 8 9 |  9.0
Evocations     | 3 |  3.0
Throwing       | 3 |  3.0
Shields        | 3 4 |  4.0

Action                   |  1- 3 |  4- 6 |  7- 9 | 10-12 | 13-15 | 16-18 || total
-------------------------+-------+-------+-------+-------+-------+-------++-------
Melee: Unarmed           |   133 |   146 |   192 |   658 |  1051 |   441 ||  2621
       Kick              |    20 |     1 |       |       |       |       ||    21
       Tailslap          |     9 |     9 |    18 |    71 |   123 |    37 ||   267
       Headbutt          |     3 |    12 |     5 |       |       |    10 ||    30
       Punch             |     1 |     3 |     2 |    25 |    39 |    21 ||    91
       Dagger            |       |       |    20 |       |   104 |       ||   124
       Spear             |       |       |    23 |       |       |       ||    23
 Fire: Hunting sling     |       |       |   192 |       |   161 |    14 ||   367
Throw: Tomahawk          |       |       |       |     5 |       |       ||     5
       Javelin           |       |       |       |     1 |     1 |       ||     2
 Cast: Beastly Appendage |    28 |    23 |     6 |     1 |       |     1 ||    59
       Sticks to Snakes  |     2 |     8 |     3 |    24 |    41 |     7 ||    85
       Spider Form       |     2 |     7 |    11 |       |       |       ||    20
       Blade Hands       |       |       |    11 |    75 |    94 |    29 ||   209
       Ice Form          |       |       |       |    13 |    44 |    11 ||    68
       Hydra Form        |       |       |       |       |       |     2 ||     2
Invok: Heroism           |       |       |       |     7 |    32 |     6 ||    45
       Finesse           |       |       |       |     2 |     5 |     2 ||     9
 Abil: End Transformatio |       |       |       |     2 |     5 |     1 ||     8
Evoke: Wand              |       |       |    16 |       |       |       ||    16
  Use: Potion            |     2 |     1 |       |       |       |     1 ||     4
       Scroll            |       |       |    15 |    13 |     9 |     6 ||    43
 Stab: Sleeping          |     3 |     2 |     2 |    12 |    16 |     5 ||    40
       Distracted        |       |     2 |       |     1 |     5 |       ||     8
       Paralysed         |       |       |     7 |       |       |       ||     7
  Eat: Chunk             |     5 |     9 |    18 |    45 |    69 |    15 ||   161
       Ration            |       |       |       |     3 |     5 |     3 ||    11
Armor: Skin              |    33 |    25 |    70 |   136 |   247 |   104 ||   615
Dodge: Dodged            |    87 |    88 |   175 |   409 |   981 |   370 ||  2110
Block: Buckler           |       |       |       |       |    46 |    11 ||    57

Table legend:
 A = Spawn XP
 B = Non-spawn XP
 C = Spawn XP percentage of total XP
 D = Spawn monster count
 E = Non-spawn monster count
 F = Spawn count percentage of total count
 G = Total turns spent on level
                    A         B        C        D         E        F      G
               +---------+---------+-------+---------+---------+-------+---------
         Total |       0 |  220927 |   0.0 |       0 |     957 |   0.0 | 35971
               +---------+---------+-------+---------+---------+-------+---------
           D:1 |       0 |      30 |   0.0 |       0 |      20 |   0.0 |  1422
           D:2 |       0 |      38 |   0.0 |       0 |      10 |   0.0 |  1020
           D:3 |       0 |     162 |   0.0 |       0 |      26 |   0.0 |  1076
           D:4 |       0 |     639 |   0.0 |       0 |      31 |   0.0 |  1090
           D:5 |       0 |     732 |   0.0 |       0 |      25 |   0.0 |  1063
           D:6 |       0 |     890 |   0.0 |       0 |      31 |   0.0 |  1067
           D:7 |       0 |    1277 |   0.0 |       0 |      19 |   0.0 |   785
           D:8 |       0 |    5254 |   0.0 |       0 |      49 |   0.0 |  1361
           D:9 |       0 |    2162 |   0.0 |       0 |      25 |   0.0 |   745
          D:10 |       0 |    5803 |   0.0 |       0 |      51 |   0.0 |  1427
          D:11 |       0 |    9926 |   0.0 |       0 |      70 |   0.0 |  1474
          D:12 |       0 |    4751 |   0.0 |       0 |      35 |   0.0 |  1279
          D:13 |       0 |    3907 |   0.0 |       0 |      30 |   0.0 |   899
          D:14 |       0 |   18816 |   0.0 |       0 |      37 |   0.0 |  1183
          D:15 |       0 |   18796 |   0.0 |       0 |      40 |   0.0 |  1179
        Lair:1 |       0 |    3991 |   0.0 |       0 |      14 |   0.0 |  1345
        Lair:2 |       0 |    4480 |   0.0 |       0 |      22 |   0.0 |  1227
        Lair:3 |       0 |    7718 |   0.0 |       0 |      28 |   0.0 |  1747
        Lair:4 |       0 |    8414 |   0.0 |       0 |      30 |   0.0 |  1211
        Lair:5 |       0 |   12392 |   0.0 |       0 |      38 |   0.0 |  1569
        Lair:6 |       0 |   32497 |   0.0 |       0 |      66 |   0.0 |  2893
      Shoals:1 |       0 |   13440 |   0.0 |       0 |      27 |   0.0 |  1057
       Snake:1 |       0 |    7016 |   0.0 |       0 |      13 |   0.0 |   718
       Snake:2 |       0 |   19075 |   0.0 |       0 |      29 |   0.0 |   544
         Orc:1 |       0 |    5067 |   0.0 |       0 |      35 |   0.0 |   529
         Orc:2 |       0 |   22875 |   0.0 |       0 |     101 |   0.0 |  2641
           Lab |       0 |    2993 |   0.0 |       0 |       7 |   0.0 |   643
        Bailey |       0 |    1487 |   0.0 |       0 |      22 |   0.0 |  1504
         IceCv |       0 |    6299 |   0.0 |       0 |      26 |   0.0 |   940
               +---------+---------+-------+---------+---------+-------+---------

Vault maps used:
D:1:      nzn_arrival_water_spiral, hangedman_decor_lopped
D:2:      minmay_pentomino_o2
D:3:      uniq_natasha
D:4:      lemuel_coloured_pillars_altar, lemuel_crystal_altar,
          kennysheep_little_box, uniq_ijyb
D:5:      nicolae_dithmenos_shadow_blocks, first_ration, st_stairs_4
D:6:      regret_index_temple_of_mockery, minmay_temple_entry_junction_2,
          uniq_edmund
D:7:      nicolae_overflow_crystal_walls, enter_bailey_2
D:8:      kennysheep_seaside_town, uniq_erica, uniq_gastronok
D:9:      grunt_temple_overflow_open, grunt_ogre_cave
D:10:     lair_entry_dummy, orc_0_dummy, serial_shops, shop
D:11:     serial_ice, serial_ice_c, serial_ice_e, serial_ice_j, serial_ice_f,
          portal_ice_cave_entry_pillars_1, uniq_fannar, uniq_erolcha,
          uniq_maurice
D:12:     kennysheep_small_circle
D:13:     basic_altar
D:14:     minmay_sliced_demisemicircle, david_vaults_5, fedhas_altar_1
D:15:     grunt_enter_depths_hoard, lemuel_statue_altar,
          minmay_guarded_unrand_wrath_of_trog
Temple:   minmay_temple_forest_path
Lair:1:   lab_entry_generic, kennysheep_snail_temple
Lair:3:   minmay_shoals_entry_lonely_mermaid, guppyfry_snake_entry_garden,
          infiniplex_staircase_pool
Lair:4:   minivault_26, minmay_stone_trees_small, beast_lair_carwin_11,
          minmay_lair_oklob_chamber, uniq_nergalle
Lair:5:   cheibrodos_lair_river_kwai, slime_altar_1
Lair:6:   grunt_lair_end_beastmaster, special_room, grunt_megastairs_3,
          uniq_rupert, uniq_nessos
Shoals:1: cheibrodos_shoals_satyrical_garden
Snake:2:  uniq_vashnia, uniq_nikola, uniq_jorgrun
Orc:1:    basic_altar, nicolae_orc_tapped_out
Orc:2:    pf_orc_diabolical, serial_shops, shop
Lab:      labyrinth_mini_lab, nicolae_lab_garden, labyrinth_fake_exit,
          nicolae_lab_do_over, nicolae_lab_diamond
Bailey:   bailey_polearm_1, bailey
IceCv:    ice_cave_tombish

Table legend:
 A = Turns spent in this place as a percentage of turns spent in the entire game.
 B = Non-inter-level travel turns spent in this place as a percentage of non-inter-level travel turns spent in the entire game.
 C = Inter-level travel turns spent in this place as a percentage of turns spent in this place.
 D = Turns resting spent in this place as a percentage of non-inter-level travel turns spent in this place.
 E = Turns spent auto-exploring this place as a percentage of non-inter-level travel turns spent in this place.
 F = Non-inter-level travel turns spent in this place divided by the number of levels of this place that you've seen.
                   A       B       C       D       E      F
               +-------+-------+-------+-------+-------+----------------------
         Total | 100.0 | 100.0 |   8.2 |  23.0 |  44.9 | 1100.2
       Dungeon |  47.5 |  48.0 |   7.3 |  15.9 |  54.4 | 1055.1
        Temple |   0.9 |   0.9 |  15.3 |   0.0 |  98.9 | 282.0
          Lair |  27.8 |  26.4 |  12.9 |  31.9 |  40.9 | 1450.2
        Shoals |   2.9 |   3.1 |   2.8 |   8.4 |  54.9 | 1027.0
     Snake Pit |   3.5 |   3.6 |   5.3 |  23.8 |  46.1 | 597.5
  Orcish Mines |   8.8 |   8.7 |   8.9 |  24.7 |  36.3 | 1444.0
     Labyrinth |   1.8 |   1.9 |   0.0 |  12.8 |   0.0 | 643.0
        Bailey |   4.2 |   4.6 |   0.0 |  49.8 |   4.8 | 1504.0
      Ice Cave |   2.6 |   2.8 |   0.0 |  40.4 |  13.3 | 940.0
               +-------+-------+-------+-------+-------+----------------------

Table legend:
 A = Kills in this place as a percentage of kills in entire the game.
 B = Kills by you in this place as a percentage of kills by you in the entire game.
 C = Kills by friends in this place as a percentage of kills by friends in the entire game.
 D = Other kills in this place as a percentage of other kills in the entire game.
 E = Experience gained in this place as a percentage of experience gained in the entire game.
 F = Experience gained in this place divided by the number of levels of this place that you have seen.
                   A       B       C       D       E      F
               +-------+-------+-------+-------+-------+----------------------
         Total | 100.0 | 100.0 | 100.0 | 100.0 | 100.0 | 7364.2
       Dungeon |  52.1 |  52.4 |  27.3 | 100.0 |  33.1 | 4878.9
          Lair |  20.7 |  21.0 |   0.0 |   0.0 |  31.5 | 11582.0
        Shoals |   2.8 |   2.9 |   0.0 |   0.0 |   6.1 | 13440.0
     Snake Pit |   4.4 |   4.4 |   0.0 |   0.0 |  11.8 | 13045.5
  Orcish Mines |  14.2 |  13.5 |  72.7 |   0.0 |  12.6 | 13971.0
     Labyrinth |   0.7 |   0.7 |   0.0 |   0.0 |   1.4 | 2993.0
        Bailey |   2.3 |   2.3 |   0.0 |   0.0 |   0.7 | 1487.0
      Ice Cave |   2.7 |   2.8 |   0.0 |   0.0 |   2.9 | 6299.0
               +-------+-------+-------+-------+-------+----------------------
